 Dungeon Crawl Stone Soup version 0.17.0-28-g6e173f8 (webtiles) character file.

2252 rootspb the Protected (level 9, -2/80 HPs)
             Began as a Minotaur Berserker on Nov 24, 2015.
             Was a Priest of Trog.
             Slain by a wolf (7 damage)
             ... led by Grum
             ... on level 8 of the Dungeon.
             The game lasted 00:44:20 (4952 turns).

rootspb the Protected (Minotaur Berserker)          Turns: 4952, Time: 00:44:21

Health: -2/80      AC: 11    Str: 24    XL:     9   Next: 15%
Magic:  8/8        EV: 10    Int:  4    God:    Trog [***...]
Gold:   266        SH:  0    Dex: 11    Spells: 0 memorised, 8 levels left

rFire  . . .     SeeInvis .     f - +0 war axe
rCold  . . .     Clarity  .     J - +0 chain mail
rNeg   . . .     SustAt   .     (no shield)
rPois  .         Gourm    .     (helmet restricted)
rElec  .         Spirit   .     (no cloak)
rCorr  .         Warding  .     (no gloves)
rMut   .         Stasis   .     (no boots)
MR     ++...                    (no amulet)
Stlth  ..........               (no ring)
                                (no ring)

@: regenerating, very resistant to hostile enchantments, extremely unstealthy
A: retaliatory headbutt, horns 2, deterioration 1, slow regeneration 1, wild
magic 1
a: Berserk, Trog's Hand, Burn Spellbooks, Renounce Religion


You were on level 8 of the Dungeon.
You worshipped Trog.
Trog was most pleased with you.
You were not hungry.

You visited 1 branch of the dungeon, and saw 9 of its levels.
You also visited: Sewer.

You collected 266 gold pieces.

Inventory:

Hand Weapons
 a - a +0 hunting sling
 f - a +0 war axe (weapon)
 y - a +0 war axe
Missiles
 F - 3 tomahawks of returning (quivered)
 G - 24 sling bullets
Armour
 E - a +0 leather armour of cold resistance
 J - a +0 chain mail (worn)
Jewellery
 k - a +2 ring of evasion
Wands
 g - a wand of disintegration (4)
 z - a wand of fire (11)
Scrolls
 b - a scroll of amnesia {unknown}
 d - 11 scrolls of identify {unknown}
 h - a scroll of brand weapon {unknown}
 j - 5 scrolls of remove curse {unknown}
 l - a scroll of noise {unknown}
 m - a scroll of immolation {unknown}
 o - a scroll of recharging {unknown}
 p - a scroll of magic mapping {unknown}
 t - 2 scrolls of enchant weapon {unknown}
 v - 2 scrolls of blinking {unknown}
 x - 3 scrolls of teleportation {unknown}
Potions
 e - 3 potions of ambrosia {unknown}
 n - a potion of magic
 q - 3 potions of might {unknown}
 u - a potion of degeneration {unknown}
 A - a potion of haste {unknown}
 B - 2 potions of poison {unknown}
 C - a potion of berserk rage {unknown}
 I - 2 potions of mutation
Comestibles
 c - a bread ration
 r - a meat ration
 s - a fruit
 w - a slice of pizza
 D - 3 inedible chunks of flesh
 H - a beef jerky


   Skills:
 + Level 7.6 Fighting
 + Level 7.3 Axes
 + Level 1.0(3.2) Slings
 + Level 4.4 Throwing
 + Level 8.3 Armour
 + Level 5.2 Dodging
 + Level 0.6 Stealth
 + Level 0.3 Evocations


You had 8 spell levels left.
You didn't know any spells.

Dungeon Overview and Level Annotations

Branches:
Dungeon (9/15)
 Temple: D:4-7         Lair: D:8-11         Orc: D:9-12

Altars:
Fedhas
Qazlal
Ru
Trog
Zin

Shops:
D:6 %((


Innate Abilities, Weirdness & Mutations

You reflexively headbutt those who attack you in melee.
You have a pair of horns on your head.
Your body sometimes deteriorates upon taking damage.
You regenerate slowly when monsters are visible.
Your spells are a little harder to cast, but a little more powerful.


Message History

You feel slightly more hungry.
You can no longer call in reinforcements.
The wolf bites you but does no damage. x4
The wolf barely misses you.
You closely miss the wolf. Your headbutt misses the wolf.
You barely miss the wolf. You closely miss the wolf.
The wolf barely misses you. x2
The wolf bites you.
* * * LOW HITPOINT WARNING * * *
The wolf closely misses you. You furiously retaliate!
You headbutt the wolf! The wolf bites you.
* * * LOW HITPOINT WARNING * * *
The wolf bites you!
* * * LOW HITPOINT WARNING * * *
The wolf bites you.
* * * LOW HITPOINT WARNING * * *
The wolf misses you. You furiously retaliate!
You headbutt the wolf, but do no damage.
The wolf bites you!
You die...

#.#
#.#
#.#
#.#
###.##
....#
#..#
#h@#
#hh#
#..#
#..#
#..#
#..#
#..#
#..#
#..#


You could see 3 wolves.

Vanquished Creatures
  Eustachio (D:6)
  Grum (D:8)
  A sky beast (D:5)
  An ogre (D:5)
  4 ice beasts
  2 phantoms (D:6)
  A giant frog (Sewer)
  Blork the orc (D:6)
  A big kobold (D:7)
  5 killer bees (D:7)
  3 crimson imps
  A giant frog zombie (D:7)
  A jelly (D:5)
  3 giant frog skeletons
  5 worker ants
  An iguana (D:4)
  Natasha (twice) (D:4 D:6)
  3 hounds
  8 adders
  2 river rats (D:4)
  7 oozes
  2 worms
  10 giant geckos
  2 orcs
  10 ball pythons
  17 giant cockroaches
  3 hobgoblins
  3 jackals (D:4)
  14 kobolds
  2 quokkas (D:5)
  5 bats
  A giant gecko skeleton (D:4)
  9 giant newts (Sewer)
  3 goblins
  6 rats
141 creatures vanquished.

Vanquished Creatures (collateral kills)
  A deep elf mage (D:8)
  A wolf (D:8)
  An adder (D:5)
3 creatures vanquished.

Grand Total: 144 creatures vanquished

Notes
Turn   | Place    | Note
--------------------------------------------------------------
     0 | D:1      | rootspb the Minotaur Berserker began the quest for the Orb.
     0 | D:1      | Reached XP level 1. HP: 19/19 MP: 0/0
   151 | D:1      | Reached XP level 2. HP: 24/27 MP: 1/1
   233 | D:1      | Reached skill level 4 in Axes
   946 | D:2      | Found a sacrificial altar of Ru.
  1011 | D:2      | Reached ** piety under Trog
  1011 | D:2      | Reached XP level 3. HP: 30/33 MP: 2/2
  1043 | D:2      | Found a stormy altar of Qazlal.
  1158 | D:2      | Found a glowing silver altar of Zin.
  2207 | D:4      | Found a glowing drain.
  2233 | D:4      | Reached XP level 4. HP: 15/41 MP: 3/3
  2247 | D:4      | Reached skill level 5 in Axes
  2260 | D:4      | Noticed Natasha
  2275 | D:4      | Killed Natasha
  2275 | D:4      | Reached XP level 5. HP: 32/47 MP: 4/4
  2345 | Sewer    | Entered a sewer
  2566 | Sewer    | Reached skill level 5 in Fighting
  2579 | Sewer    | Reached *** piety under Trog
  2745 | Sewer    | Reached XP level 6. HP: 26/56 MP: 5/5
  2853 | D:4      | Reached skill level 5 in Armour
  3054 | D:4      | Found a bloodstained altar of Trog.
  3295 | D:5      | Entered Level 5 of the Dungeon
  3382 | D:5      | Reached XP level 7. HP: 39/61 MP: 6/6
  3411 | D:5      | Reached **** piety under Trog
  3418 | D:5      | Gained mutation: Your body sometimes deteriorates upon taking damage. [potion of mutation]
  3418 | D:5      | Gained mutation: You regenerate slowly when monsters are visible. [potion of mutation]
  3418 | D:5      | Gained mutation: Your spells are a little harder to cast, but a little more powerful. [potion of mutation]
  3454 | D:5      | Reached skill level 6 in Axes
  3659 | D:5      | Reached skill level 1 in Throwing
  3868 | D:6      | Found Ibiet's Weapon Shoppe.
  3936 | D:6      | Reached XP level 8. HP: 66/71 MP: 7/7
  3969 | D:6      | Noticed Blork the orc
  3971 | D:6      | Noticed Eustachio
  4011 | D:5      | Found a blossoming altar of Fedhas.
  4149 | D:6      | Killed Blork the orc
  4273 | D:6      | Reached skill level 7 in Armour
  4320 | D:6      | Found Foint's Antique Weapon Boutique.
  4324 | D:6      | Noticed Natasha
  4325 | D:6      | Killed Natasha
  4387 | D:6      | Found Muvar's Food Shop.
  4445 | D:6      | Killed Eustachio
  4507 | D:7      | Reached skill level 5 in Dodging
  4636 | D:7      | HP: 3/73 [poisoned by a killer bee]
  4863 | D:7      | Reached skill level 1 in Slings
  4897 | D:7      | Reached skill level 8 in Armour
  4897 | D:7      | Reached XP level 9. HP: 55/79 MP: 8/8
  4931 | D:9      | Noticed Grum
  4935 | D:8      | Killed Grum
  4952 | D:8      | Slain by a wolf

Action                   |  1- 3 |  4- 6 |  7- 9 || total
-------------------------+-------+-------+-------++-------
Melee: Hand axe          |    84 |   190 |    37 ||   311
       War axe           |       |       |    93 ||    93
 Fire: Hunting sling     |       |       |     3 ||     3
Throw: Javelin           |       |     2 |    18 ||    20
       Tomahawk          |       |     2 |    13 ||    15
Invok: Berserk           |     1 |     1 |     1 ||     3
       Brothers in Arms  |       |       |     2 ||     2
       Trog's Hand       |       |       |     3 ||     3
Evoke: Wand              |       |       |     2 ||     2
  Use: Potion            |       |     2 |     4 ||     6
  Eat: Chunk             |     3 |     6 |     3 ||    12
       Fruit             |     1 |       |       ||     1
       Bread ration      |       |       |     1 ||     1
